 Dungeon Crawl Stone Soup version 0.22-a0-443-g17c3723 (webtiles) character file.

542 Ijustatesigmund the Skirmisher (level 7, 0/75 HPs)
             Began as an Ogre Gladiator on May 31, 2018.
             Slain by a hippogriff (7 damage)
             ... on level 4 of the Dungeon.
             The game lasted 00:14:34 (4473 turns).

Ijustatesigmund the Skirmisher (Ogre Gladiator)     Turns: 4473, Time: 00:14:36

Health: 0/75       AC:  5    Str: 19    XL:     7   Next: 27%
Magic:  7/7        EV: 10    Int:  9    God:
Gold:   114        SH:  0    Dex: 12    Spells: 6/6 levels left

rFire    . . .     SeeInvis .   a - +0 giant spiked club
rCold    + . .     Gourm    .   (shield currently unavailable)
rNeg     . . .     Faith    .   b - +0 robe
rPois    .         Spirit   .   c - +1 hat
rElec    .         Reflect  .   p - +0 cloak
rCorr    .         Harm     .   (gloves unavailable)
MR       .....                  (boots unavailable)
Stlth    +.........             l - amulet of magic regeneration
HPRegen  0.22/turn              h - ring of protection from cold
MPRegen  0.35/turn              (no ring)

@: no status effects
A: large, unfitting armour, tough skin 1
a: no special abilities


You were on level 4 of the Dungeon.
You were very hungry.

You visited 1 branch of the dungeon, and saw 5 of its levels.

You collected 114 gold pieces.

Inventory:

Hand Weapons
 a - a +0 giant spiked club (weapon)
Missiles
 i - a throwing net (quivered)
Armour
 b - a +0 robe (worn)
 c - a +1 hat (worn)
 p - a +0 cloak (worn)
Jewellery
 h - a ring of protection from cold (left hand)
 l - an amulet of magic regeneration (around neck)
Wands
 j - a wand of enslavement (13)
Scrolls
 g - a scroll of fear
 k - 3 scrolls of remove curse
 m - a scroll of blinking
Potions
 d - 2 potions of flight
 e - a potion of haste
 n - a potion of curing {unknown}
 o - a potion of degeneration {unknown}
Comestibles
 f - 4 rations


   Skills:
 + Level 6.2 Fighting
 * Level 6.2 Maces & Flails
 - Level 2.0 Throwing
 - Level 2.6 Dodging


You had 6 spell levels left.
You didn't know any spells.
Your spell library was empty.

Dungeon Overview and Level Annotations

Branches:
Dungeon (5/15)
 Temple: D:4-7

Altars:
Makhleb
Nemelex Xobeh
Ru
Wu Jian
Yredelemnul

Annotations:
D:3 crawlian's ghost, amateur HuWn


Innate Abilities, Weirdness & Mutations

You are too large for most types of armour.
You have tough skin. (AC +1)


Message History

The hippogriff bites you but does no damage.
The hippogriff barely misses you. The hippogriff claws you.
The hippogriff bites you!
* * * LOW HITPOINT WARNING * * *
The hippogriff pecks you.
* * * LOW HITPOINT WARNING * * *
The hippogriff claws you but does no damage.
You barely miss the hippogriff.
The hippogriff is severely wounded.
The hippogriff bites you.
* * * LOW HITPOINT WARNING * * *
The hippogriff closely misses you. x2
You closely miss the hippogriff.
The hippogriff is severely wounded.
The hippogriff bites you.
* * * LOW HITPOINT WARNING * * *
The hippogriff pecks you!
* * * LOW HITPOINT WARNING * * *
The hippogriff claws you!
You die...

......# ##.##
####...####
.....#....#
####...##.########
##.###........#
#<# ########.# #.#
#.# ... #@# ##.
#H# #.# #.# #.#
#.# ..# ###


You could see a hippogriff.

Vanquished Creatures
  The ghost of Ratty the Reanimator, a novice DENe (D:4)
  An ogre (D:4)
  A centaur skeleton (D:4)
  A worker ant (D:5)
  A hound skeleton (D:5)
  A howler monkey zombie (D:5)
  9 adders
  An ooze (D:1)
  3 worms
  A dart slug (D:1)
  2 leopard geckos
  An orc (D:4)
  6 bats
  A giant cockroach (D:3)
  4 hobgoblins
  8 jackals
  8 kobolds
  A quokka (D:2)
  A frilled lizard (D:1)
  8 goblins
  A leopard gecko skeleton (D:4)
  A quokka skeleton (D:4)
  9 rats
71 creatures vanquished.

Notes
Turn   | Place    | Note
-------+----------+-------------------------------------------
     0 | D:1      | Ijustatesigmund the Ogre Gladiator began the quest for the Orb.
     0 | D:1      | Reached XP level 1. HP: 22/22 MP: 1/1
    60 | D:1      | Reached XP level 2. HP: 14/31 MP: 2/2
    84 | D:1      | HP: 1/31 [bat (1)]
   440 | D:1      | Reached XP level 3. HP: 26/37 MP: 3/3
  1472 | D:2      | Reached XP level 4. HP: 44/48 MP: 4/4
  2383 | D:3      | Noticed crawlian's ghost (amateur HuWn)
  3021 | D:4      | Noticed Ratty's ghost (novice DENe)
  3052 | D:3      | Found a sparkling altar of Nemelex Xobeh.
  3052 | D:3      | Found an ornate altar of the Wu Jian Council.
  3106 | D:4      | Reached XP level 5. HP: 9/55 MP: 5/5
  3114 | D:5      | Entered Level 5 of the Dungeon
  3795 | D:5      | Reached skill level 5 in Fighting
  3795 | D:5      | Reached skill level 5 in Maces & Flails
  3817 | D:5      | Found a burning altar of Makhleb.
  3817 | D:5      | Found a basalt altar of Yredelemnul.
  3926 | D:4      | Noticed an ogre
  3934 | D:4      | Killed an ogre
  3934 | D:4      | Reached XP level 6. HP: 64/66 MP: 6/6
  4179 | D:4      | Killed Ratty's ghost
  4179 | D:4      | Reached XP level 7. HP: 29/75 MP: 7/7
  4205 | D:4      | Noticed a hippogriff
  4415 | D:4      | Found a sacrificial altar of Ru.
  4473 | D:4      | Slain by a hippogriff

Vault maps used:
D:1:      lemuel_arrival_rhombus
D:3:      minmay_goblin_kobold_castle, dancing_weapons_uskayaw,
          lemuel_zombie_altar_kikubaaqudgha, gammafunk_temple_overflow_elements,
          first_ration
D:4:      lemuel_round_altar, gup_sewer_entry_bubbles
D:5:      gammafunk_temple_overflow_pools, minivault_23, guppyfry_shop_venom

Skill      XL: |  1  2  3  4  5  6 |
---------------+-------------------+-----
Fighting       | 3 4 5 6 |  6.2
Maces & Flails | 3 4 5 6 |  6.2
Throwing       | |  2.0
Dodging        | |  2.6

Action                   |  1- 3 |  4- 6 |  7- 9 || total
-------------------------+-------+-------+-------++-------
Melee: Flail             |    99 |   131 |       ||   230
       Giant spiked club |       |    35 |     7 ||    42
Throw: Throwing net      |     5 |     3 |       ||     8
  Use: Scroll            |       |    12 |       ||    12
       Potion            |       |     1 |       ||     1
 Stab: Sleeping          |     2 |     1 |       ||     3
       Held in net/web   |       |     1 |       ||     1
  Eat: Chunk             |     2 |     5 |       ||     7
       Ration            |       |     1 |       ||     1
Armor: Robe              |    37 |    50 |     4 ||    91
Dodge: Dodged            |    78 |   105 |     7 ||   190

Table legend:
 A = Spawn XP
 B = Non-spawn XP
 C = Spawn XP percentage of total XP
 D = Spawn monster count
 E = Non-spawn monster count
 F = Spawn count percentage of total count
 G = Total turns spent on level
                    A         B        C        D         E        F      G
               +---------+---------+-------+---------+---------+-------+---------
         Total |       0 |     775 |   0.0 |       0 |      71 |   0.0 |  4473
               +---------+---------+-------+---------+---------+-------+---------
           D:1 |       0 |      59 |   0.0 |       0 |      24 |   0.0 |  1106
           D:2 |       0 |      61 |   0.0 |       0 |      16 |   0.0 |  1612
           D:3 |       0 |      25 |   0.0 |       0 |       8 |   0.0 |   361
           D:4 |       0 |     510 |   0.0 |       0 |      13 |   0.0 |   582
           D:5 |       0 |     120 |   0.0 |       0 |      10 |   0.0 |   812
               +---------+---------+-------+---------+---------+-------+---------
